[Event "Team 45 45 League T33"]
[Site "Internet Chess Club"]
[Date "2007.05.12"]
[Round "4"]
[White "morgado"]
[Black "forketta"]
[Result "1-0"]
[WhiteElo "1930"]
[BlackElo "1954"]
[ECO "D00"]
[TimeControl "2700+45"]

1. d4 d5 2. e3 Nf6 3. Bd3 c5 4. c3 Nc6 5. f4 Bg4 6. Nf3 e6 7. Nbd2 Bd6 8. O-O
O-O 9. h3 Bf5 10. Qc2 Bxd3 11. Qxd3 cxd4 12. cxd4 Nb4 13. Qb3 Qe7 14. Nb1 Rac8
15. Nc3 Ne4 16. Nxe4 dxe4 17. Ng5 Bb8 18. Bd2 Nd5 19. Nxe4 Kh8 20. Nc5 b6 21.
Na6 Bd6 22. e4 Nc7 23. Nb4 Nb5 24. e5 Bb8 25. d5 Qc5+ 26. Be3 Nd4 27. Bxd4 Qxd4+
28. Kh1 exd5 29. Nxd5 Rc5 30. Rad1 Qe4 31. Nc3 Qc6 32. Rd4 b5 33. Rfd1 Bc7 34.
Rd7 Kg8 35. Nd5 Qxd7 36. Nf6+ gxf6 37. Rxd7 Rc1+ 38. Kh2 fxe5 39. Qe3 {Black
forfeits on time} 1-0

[Event "Team 45 45 League T33"]
[Site "Internet Chess Club"]
[Date "2007.05.15"]
[Round "4"]
[White "ddlj81"]
[Black "ExiledSaint"]
[Result "1-0"]
[WhiteElo "2005"]
[BlackElo "1785"]
[ECO "C42"]
[TimeControl "2700+45"]

1. e4 e5 2. Nf3 Nf6 3. Nxe5 d6 4. Nf3 Nxe4 5. d4 d5 6. Bd3 Bd6 7. O-O O-O 8. c4
c6 9. Re1 Bf5 10. Nc3 Nxc3 11. bxc3 Bxd3 12. Qxd3 dxc4 13. Qxc4 Nd7 14. Qd3 Qc7
15. c4 Rad8 16. Bg5 f6 17. Bd2 Rfe8 18. c5 Rxe1+ 19. Rxe1 Bf4 20. Qc4+ Kf8 21.
Bxf4 Qxf4 22. Qe6 Qb8 23. Qe7+ Kg8 24. d5 cxd5 25. Nd4 Nf8 26. c6 Rc8 27. Ne6
Nxe6 28. Qxe6+ Kh8 29. c7 Qa8 30. Qd7 b6 31. Re7 Rg8 32. Rxg7 Rxg7 33. c8=Q+
Qxc8 34. Qxc8+ Rg8 35. Qd7 h6 36. Qxa7 Rc8 37. h3 d4 38. Qxb6 d3 39. Qxf6+ Kh7
{Black resigns} 1-0

[Event "Team 45 45 League T33"]
[Site "Internet Chess Club"]
[Date "2007.05.13"]
[Round "4"]
[White "RisingMercury"]
[Black "Pawnster"]
[Result "0-1"]
[WhiteElo "1991"]
[BlackElo "2197"]
[ECO "C00"]
[TimeControl "2700+45"]

1. e4 e6 2. d3 Nc6 3. Nf3 d5 4. e5 d4 5. g3 Nge7 6. Bg2 Ng6 7. Qe2 Qd5 8. Bf4
Be7 9. O-O Nxf4 10. gxf4 O-O 11. Nbd2 Qd7 12. Ne4 b6 13. Kh1 Bb7 14. Rg1 Rae8
15. Bh3 f5 16. exf6 Bxf6 17. Rae1 Nb4 18. Ne5 Bxe5 19. fxe5 Bxe4+ 20. dxe4 c5
21. Rg4 d3 22. cxd3 Nxd3 23. Rf1 Nxe5 24. Rg3 Ng6 25. Rfg1 Qd4 26. f3 Kh8 27.
Bg4 Nf4 28. Qc2 Qe3 29. Qc4 Ne2 30. f4 Nxg3+ 31. hxg3 Rf6 32. Kg2 Rd8 33. Rd1
Rxd1 34. Bxd1 Rg6 35. Bf3 Qxf4 {White resigns} 0-1

[Event "Team 45 45 League T33"]
[Site "Internet Chess Club"]
[Date "2007.05.13"]
[Round "4"]
[White "jayes"]
[Black "SuperMathBoy"]
[Result "1-0"]
[WhiteElo "2014"]
[BlackElo "2022"]
[ECO "B91"]
[TimeControl "2700+45"]

1. e4 c5 2. Nf3 d6 3. d4 cxd4 4. Nxd4 Nf6 5. Nc3 a6 6. g3 Nc6 7. Bg2 g6 8. O-O
Bg7 9. Nxc6 bxc6 10. e5 dxe5 11. Qxd8+ Kxd8 12. Bxc6 Rb8 13. b3 Kc7 14. Bg2 Bf5
15. Bb2 Rhc8 16. Na4 Nd7 17. c4 Kd8 18. f4 Ke8 19. Rac1 Nc5 20. Nxc5 Rxc5 21.
Rfe1 f6 22. fxe5 fxe5 23. Re2 Bg4 24. Rf2 a5 25. Re1 a4 26. h3 Bd7 27. Re3 axb3
28. axb3 Bf6 29. Kh2 Rb6 30. Bd5 Rc7 31. Ba3 Be6 32. Be4 Ra6 33. Bb2 Rb6 34. Bc2
Rc5 35. g4 Bd7 36. Kg3 Be6 37. Rfe2 Bd7 38. Bxe5 Bxe5+ 39. Rxe5 Rxe5 40. Rxe5
Rd6 41. Re3 Rd2 42. Rc3 Bc6 43. b4 Rg2+ 44. Kh4 Kf7 45. b5 Be8 46. Kg5 e5 47.
Be4 Rb2 48. Kh6 Kg8 49. Bd5+ Bf7 50. Bxf7+ Kxf7 51. Kxh7 e4 52. Re3 Rh2 53. b6
Rb2 54. c5 Rb5 55. Rc3 e3 56. Rxe3 Rxc5 57. Rf3+ Ke7 58. Rb3 Kf6 59. b7 Rc7+
{Black resigns} 1-0

[Event "Team 45 45 League T33"]
[Site "Internet Chess Club"]
[Date "2007.05.13"]
[Round "4"]
[White "jcdios"]
[Black "Boromir"]
[Result "1/2-1/2"]
[WhiteElo "1937"]
[BlackElo "1948"]
[ECO "D27"]
[TimeControl "2700+45"]

1. d4 d5 2. c4 dxc4 3. e3 Nf6 4. Bxc4 e6 5. Nf3 c5 6. O-O a6 7. dxc5 Qxd1 8.
Rxd1 Bxc5 9. Nc3 b5 10. Be2 Nbd7 11. Bd2 Bb7 12. Rac1 O-O 13. Be1 Rfd8 14. a3
Rac8 15. h3 h6 16. Nh2 Bb6 17. Bf3 Bxf3 18. Nxf3 Nc5 19. Ne2 Rxd1 20. Rxd1 Rd8
21. Rxd8+ Bxd8 22. Nc1 Nd5 23. Ne5 Bf6 24. Ned3 Nxd3 25. Nxd3 Be7 26. e4 Nb6 27.
Nb4 Nc4 28. Nxa6 Nxb2 29. Nc7 Bxa3 {Game drawn by mutual agreement} 1/2-1/2

[Event "Team 45 45 League T33"]
[Site "Internet Chess Club"]
[Date "2007.05.14"]
[Round "4"]
[White "JohnnySP"]
[Black "qs16"]
[Result "0-1"]
[WhiteElo "1870"]
[BlackElo "1861"]
[ECO "B50"]
[TimeControl "2700+45"]

1. e4 c5 2. Nf3 d6 3. Bd3 e5 4. c3 Nc6 5. Bc2 Bg4 6. d3 Nf6 7. O-O Be7 8. Be3
O-O 9. Nbd2 Rc8 10. Re1 Re8 11. Nf1 a6 12. a4 Qc7 13. Ng3 Rcd8 14. h3 Bd7 15.
Bb3 Be6 16. Bxe6 fxe6 17. Ng5 Qd7 18. Qb3 d5 19. Rad1 h6 20. Nf3 Kh8 21. Qb6 d4
22. Bd2 Rf8 23. b4 cxb4 24. cxb4 Bd6 25. b5 Nb8 26. Rb1 Rc8 27. bxa6 bxa6 28.
Rec1 Bc7 29. Qb7 Qd8 30. Nf1 Bd6 31. Rxc8 Qxc8 32. Qxc8 Rxc8 33. Bb4 Bxb4 34.
Rxb4 Nfd7 35. N1d2 Nc6 36. Rb3 Nc5 37. Ra3 Rb8 38. Nc4 Nd7 39. Kf1 Kg8 40. Ke2
g5 41. Ra2 Kg7 42. Nh2 h5 43. g4 h4 44. Nf3 Kf6 45. Kd2 Nc5 46. Ne1 Rb1 47. Rb2
Rxe1 48. Kxe1 Nxd3+ 49. Kd2 Nxb2 50. Nxb2 Na5 51. Kd3 Ke7 52. Kc2 Kd6 53. Nd3
Nc6 54. Kb3 Kc7 55. Nc5 Na5+ 56. Kb4 Kd6 57. Nxa6 Nc6+ 58. Kc4 Na5+ 59. Kd3 Nb3
60. Nb4 Nc5+ 61. Ke2 Nxa4 62. f3 Kc5 63. Nd3+ Kd6 64. Nb4 Nc3+ 65. Kd2 Nb1+ 66.
Kd3 Nc3 67. Kd2 Na4 68. Nd3 Nc5 69. Nb2 Nd7 70. Nc4+ Kc5 71. Kd3 Kc6 72. Na5+
Kb5 73. Nc4 Nc5+ {White resigns} 0-1

[Event "Team 45 45 League T33"]
[Site "Internet Chess Club"]
[Date "2007.05.12"]
[Round "4"]
[White "Gomer"]
[Black "Mississippian"]
[Result "0-1"]
[WhiteElo "1280"]
[BlackElo "1460"]
[ECO "B07"]
[TimeControl "2700+45"]

1. e4 d6 2. Bc4 Nf6 3. d3 g6 4. f4 Bg7 5. Nc3 O-O 6. Nf3 Bg4 7. O-O Nc6 8. Qe1
Bxf3 9. Rxf3 Nd4 10. Rf2 c6 11. Be3 Ng4 12. Rd2 b5 13. Bb3 Nxe3 14. Qxe3 c5 15.
Qh3 e6 16. a4 Qa5 17. Rdd1 b4 18. Nb5 Nxb5 19. axb5 Qxb5 20. Bc4 Qb7 21. Ra2 d5
22. exd5 exd5 23. Bb3 Rfe8 24. Qf3 Rad8 25. f5 Re3 26. Qg4 Bd4 27. Kh1 Rde8 28.
Raa1 Bxb2 29. Rab1 Bc3 30. Qh4 Kg7 31. h3 Bf6 32. Qf2 Re2 33. Qxc5 d4 34. fxg6
Qxg2# {White checkmated} 0-1

[Event "Team 45 45 League T33"]
[Site "Internet Chess Club"]
[Date "2007.05.13"]
[Round "4"]
[White "wekabird"]
[Black "curtintime"]
[Result "0-1"]
[WhiteElo "1257"]
[BlackElo "1335"]
[ECO "A20"]
[TimeControl "2700+45"]

1. c4 e5 2. e4 Nf6 3. Nc3 Bc5 4. h3 d6 5. Nf3 Be6 6. b3 h6 7. Bb2 Nc6 8. d3 Nd4
9. Nxd4 Bxd4 10. Qd2 a6 11. g3 Qd7 12. Nd5 Bxd5 13. cxd5 Bc5 14. Bg2 a5 15. O-O
O-O 16. a3 b5 17. d4 Bb6 18. dxe5 dxe5 19. Bxe5 Nh7 20. Rad1 Ng5 21. Qf4 f6 22.
Bb2 Nxh3+ 23. Bxh3 Qxh3 24. Qh4 Qxh4 25. gxh4 Rfe8 26. Rfe1 Re7 27. Bd4 Bxd4 28.
Rxd4 Re5 29. Kh2 Kf7 30. f4 Rh5 31. Kh3 g5 32. fxg5 hxg5 33. e5 fxe5 34. Rxe5
Rah8 35. Kg4 Rxh4+ 36. Kxg5 R8h5# {White checkmated} 0-1

[Event "Team 45 45 League T33"]
[Site "Internet Chess Club"]
[Date "2007.05.09"]
[Round "4"]
[White "JustinZ"]
[Black "Riddari"]
[Result "1-0"]
[WhiteElo "1329"]
[BlackElo "1285"]
[ECO "B21"]
[TimeControl "2700+45"]

1. e4 c5 2. d4 cxd4 3. c3 dxc3 4. Nxc3 Nc6 5. Bc4 e6 6. Nf3 a6 7. O-O b5 8. Bb3
Qc7 9. Qe2 Nf6 10. e5 Ng4 11. Bf4 d6 12. exd6 Bxd6 13. Bxd6 Qxd6 14. Rfd1 Qe7
15. Qe4 O-O 16. Qxg4 Bb7 17. Ng5 Ne5 18. Qh4 h6 19. Bc2 f5 20. Qf4 Ng6 21. Qd6
hxg5 22. Qxe7 Nxe7 23. Rd7 Nd5 24. Rxb7 Nxc3 25. bxc3 Rfc8 26. Bb3 Rxc3 27.
Bxe6+ Kh8 28. Bxf5 Rf8 29. g4 Kg8 30. Rd1 Rf3 31. Rdd7 R8xf5 32. gxf5 Rxf5 33.
Rxg7+ Kf8 34. Rgc7 Re5 35. Rc8+ Re8 36. Rxe8+ Kxe8 37. Ra7 {Black resigns} 1-0

[Event "Team 45 45 League T33"]
[Site "Internet Chess Club"]
[Date "2007.05.11"]
[Round "4"]
[White "Russ"]
[Black "DaMelch"]
[Result "0-1"]
[WhiteElo "1251"]
[BlackElo "1302"]
[ECO "D09"]
[TimeControl "2700+45"]

1. d4 d5 2. c4 e5 3. dxe5 d4 4. Nf3 Nc6 5. g3 Bf5 6. Bg2 Qd7 7. O-O Bh3 8. Bf4
O-O-O 9. a3 h5 10. Qd3 h4 11. Nxh4 Bxg2 12. Kxg2 g5 13. Bxg5 Nxe5 14. Qf5 Qxf5
15. Nxf5 Re8 16. Nd2 Rh5 17. f4 Ng4 18. h4 f6 19. Bxf6 N8xf6 20. Nxd4 Ne3+
{White resigns} 0-1

[Event "Team 45 45 League T33"]
[Site "Internet Chess Club"]
[Date "2007.05.12"]
[Round "4"]
[White "Hastings"]
[Black "g8wrb"]
[Result "1-0"]
[WhiteElo "1354"]
[BlackElo "1371"]
[ECO "C02"]
[TimeControl "2700+45"]

1. e4 e6 2. d4 d5 3. e5 c5 4. c3 Nc6 5. Nf3 Qb6 6. a3 cxd4 7. cxd4 Nge7 8. b4
Nf5 9. Be3 Nxe3 10. fxe3 Bd7 11. Bd3 Be7 12. O-O Rc8 13. Nc3 a6 14. Rc1 O-O 15.
Na4 Qa7 16. Nc5 Rc7 17. e4 Bc8 18. Qc2 g6 19. Qd2 b6 20. Nxa6 Bxa6 21. b5 Bxb5
22. Bxb5 Rfc8 23. a4 dxe4 24. Ne1 f5 25. exf6 Bxf6 26. Rxf6 Nd8 27. Qh6 Nf7 28.
Rxc7 Qxc7 29. Qf4 Qc1 30. Qxc1 Rxc1 31. Kf2 Rd1 32. Rxe6 Rxd4 33. Rxb6 Ne5 34.
a5 Rd2+ 35. Ke3 Rd1 36. Ke2 Ra1 37. a6 Ra3 38. Rb8+ Kg7 39. Rb7+ Kh6 40. Nc2 Ra2
41. Kd1 Ng4 42. a7 Ne5 43. Nb4 Ra1+ 44. Kc2 e3 45. Na6 e2 46. Bxe2 Ra2+ 47. Kd1
Ra1+ 48. Kd2 Ra2+ 49. Ke1 Ra1+ 50. Kf2 Ng4+ 51. Kg3 Nf6 52. a8=Q Ra3+ 53. Kf2
Ne4+ 54. Kg1 Ra1+ 55. Bf1 Nd2 56. Qf8+ Kh5 57. Rxh7+ Kg5 58. Qh6+ Kf6 59. Qh4+
g5 60. Qd4+ Kf5 61. Rf7+ Kg6 62. Qf6+ Kh5 63. Qh8+ Kg4 64. h3+ Kg3 65. Qc3+
{Black resigns} 1-0

[Event "Team 45 45 League T33"]
[Site "Internet Chess Club"]
[Date "2007.05.14"]
[Round "4"]
[White "squeege"]
[Black "JimGaming"]
[Result "0-1"]
[WhiteElo "1166"]
[BlackElo "1289"]
[ECO "C50"]
[TimeControl "2700+45"]

1. e4 e5 2. Nf3 Nc6 3. Bc4 Bc5 4. O-O Nf6 5. Re1 O-O 6. c3 d6 7. d4 exd4 8. cxd4
Bb6 9. Nc3 a6 10. Bg5 h6 11. Bh4 Bg4 12. Qd3 Bxf3 13. Qxf3 Nxd4 14. Qd3 c6 15.
Ne2 Ne6 16. Bxe6 fxe6 17. Nd4 Qd7 18. Bxf6 Rxf6 19. Nf3 e5 20. Nh4 Rxf2 21. Kh1
Qg4 22. Nf5 Qxg2# {White checkmated} 0-1

[Event "Team 45 45 League T33"]
[Site "Internet Chess Club"]
[Date "2007.05.12"]
[Round "4"]
[White "therookery"]
[Black "archae13"]
[Result "1-0"]
[WhiteElo "1301"]
[BlackElo "1194"]
[ECO "C48"]
[TimeControl "2700+45"]

1. e4 e5 2. Nf3 Nc6 3. Bb5 Nf6 4. Nc3 Bc5 5. O-O O-O 6. d3 d5 7. exd5 Nxd5 8.
Nxd5 Qxd5 9. Bxc6 bxc6 10. c4 Qd6 11. b3 Bg4 12. Bb2 e4 13. dxe4 Qf6 14. Bxf6
gxf6 15. h3 Bxh3 16. gxh3 Kh8 17. Kh1 Rg8 18. Qd7 Rg7 19. Qxc6 Bd6 {Black
resigns} 1-0

[Event "Team 45 45 League T33"]
[Site "Internet Chess Club"]
[Date "2007.05.12"]
[Round "4"]
[White "rpgrossman"]
[Black "Cataclysm"]
[Result "0-1"]
[WhiteElo "1056"]
[BlackElo "1259"]
[ECO "A07"]
[TimeControl "2700+45"]

1. Nf3 d5 2. g3 Nf6 3. Bg2 Bf5 4. O-O Nbd7 5. d3 e6 6. Bf4 Bd6 7. Qd2 O-O 8. c4
Bxf4 9. Qxf4 c6 10. Nbd2 a5 11. Nh4 Bg4 12. e4 Be2 13. Rfe1 e5 14. Qe3 Bh5 15.
h3 d4 16. Qg5 h6 17. Qf5 Nc5 18. g4 Nxd3 19. gxh5 Nxe1 20. Rxe1 Nh7 21. Qxe5
Qxh4 22. Qxd4 Qxh5 23. Bf3 Qxh3 24. Qb6 Rad8 25. Bg2 Qd7 26. Qxa5 Nf6 27. Qf5
Qxd2 28. Rb1 Rd4 29. e5 Ng4 30. Rf1 Rf4 31. Qb1 Re8 32. Rd1 Qxf2+ 33. Kh1 Qh4+
34. Bh3 Qxh3+ 35. Kg1 Qh2# {White checkmated} 0-1

[Event "Team 45 45 League T33"]
[Site "Internet Chess Club"]
[Date "2007.05.11"]
[Round "4"]
[White "Mutaant"]
[Black "fuzzface"]
[Result "1-0"]
[WhiteElo "1469"]
[BlackElo "1272"]
[ECO "B06"]
[TimeControl "2700+45"]

1. e4 g6 2. Bc4 Bg7 3. Nc3 e6 4. Nf3 d5 5. exd5 Bxc3 6. dxc3 exd5 7. Bxd5 Qe7+
8. Be3 c6 9. Bb3 Nf6 10. Qd4 O-O 11. O-O-O Ng4 12. Bg5 Qd7 13. Qf4 Qf5 14. Qxf5
Bxf5 15. Rd2 h6 16. Bf4 Re8 17. h3 Nf6 18. Bxh6 Be4 19. Nh4 Kh7 20. Bg5 Nbd7 21.
Bxf7 Re5 22. Bf4 Re7 23. Bb3 Ne5 24. Rhd1 Nf7 25. f3 Bd5 26. Bg3 Nh6 27. f4 Rae8
28. c4 Bf7 29. Rd8 Rxd8 30. Rxd8 Ne4 31. Bh2 Nf5 32. Nxf5 gxf5 33. Bg1 b6 34.
Bd4 Ng3 35. Be5 c5 36. c3 Re8 37. Rd7 Kg6 38. Rxa7 Rd8 39. Rb7 Ne2+ 40. Kc2 Re8
41. Rxb6+ Kh5 42. Ba4 Rg8 43. Bc6 Bxc4 44. Bf3+ Kh4 45. b3 Bd3+ 46. Kxd3 Nc1+
47. Ke3 Nxa2 48. Kf2 {Black resigns} 1-0

[Event "Team 45 45 League T33"]
[Site "Internet Chess Club"]
[Date "2007.05.11"]
[Round "4"]
[White "klt713"]
[Black "seldredg"]
[Result "0-1"]
[WhiteElo "1306"]
[BlackElo "1413"]
[ECO "A85"]
[TimeControl "2700+45"]

1. d4 f5 2. c4 Nf6 3. Nc3 e6 4. Nf3 d6 5. Bg5 Be7 6. Bxf6 Bxf6 7. e3 Nd7 8. Be2
b6 9. O-O Bb7 10. Rc1 a6 11. Bd3 Qe7 12. Re1 g5 13. Nd2 g4 14. Nb3 h5 15. e4 f4
16. d5 e5 17. Nd2 Bh4 18. g3 Bg5 19. h4 gxh3 20. Nf3 fxg3 21. Nxg5 Qxg5 22. f3
h2+ 23. Kg2 h4 24. Kh1 h3 25. Rg1 g2+ 26. Kxh2 Qf4# {White checkmated} 0-1

[Event "Team 45 45 League T33"]
[Site "Internet Chess Club"]
[Date "2007.05.14"]
[Round "4"]
[White "thalamus"]
[Black "fabill"]
[Result "1-0"]
[WhiteElo "1368"]
[BlackElo "1160"]
[ECO "C01"]
[TimeControl "2700+45"]

1. e4 e6 2. d4 a6 3. Nf3 h6 4. Nc3 d6 5. Be3 Nf6 6. Bd3 Be7 7. Qe2 O-O 8. h3
Nbd7 9. g4 b5 10. O-O-O Nh7 11. h4 f6 12. Rdg1 e5 13. Nd5 c6 14. Nxe7+ Qxe7 15.
c3 Qf7 16. Kb1 Nb6 17. g5 fxg5 18. hxg5 Qe6 19. gxh6 g6 20. Ng5 Nxg5 21. Bxg5
Kh7 22. f3 Qf7 23. Rf1 Be6 24. Rhg1 Bxa2+ 25. Kc1 Bc4 26. f4 Bxd3 27. Qxd3 Qe6
28. f5 gxf5 29. exf5 Qa2 30. f6+ Kh8 31. f7 Nd5 32. Qg6 Rg8 33. fxg8=Q+ Rxg8 34.
Bf6+ Nxf6 35. Qxf6+ Kh7 36. Rg7+ Rxg7 37. Qxg7# {Black checkmated} 1-0

[Event "Team 45 45 League T33"]
[Site "Internet Chess Club"]
[Date "2007.05.12"]
[Round "4"]
[White "ffplayer"]
[Black "QueenSlayer"]
[Result "1-0"]
[WhiteElo "1082"]
[BlackElo "1092"]
[ECO "D06"]
[TimeControl "2700+45"]

1. d4 d5 2. c4 Nf6 3. Nc3 Bf5 4. Bg5 e6 5. Nf3 Bb4 6. Rc1 dxc4 7. e3 h6 8. Bxf6
Qxf6 9. Bxc4 O-O 10. a3 Bxc3+ 11. Rxc3 Nc6 12. O-O e5 13. dxe5 Nxe5 14. Nxe5
Qxe5 15. Re1 Rad8 16. Qc1 Qf6 17. Be2 Qg6 18. Bf3 Rfe8 19. Bxb7 Rd7 20. Rxc7
Rxc7 21. Qxc7 Qe6 22. Bf3 Rc8 23. Qxa7 Be4 24. Bxe4 Qxe4 25. b4 Qc2 26. h3 Qc3
27. Rf1 Qc7 28. Qxc7 Rxc7 29. a4 Kf8 30. b5 Ra7 31. Ra1 g5 32. a5 Ke8 33. b6 Ra8
34. a6 Kd8 35. b7 Rb8 36. a7 Rxb7 37. a8=Q+ Kc7 38. Qxb7+ Kxb7 39. Rc1 f5 40. f4
gxf4 41. exf4 h5 42. h4 Kb6 43. Kf2 Kb5 44. Ke3 Kb4 45. Kd4 Kb3 46. Ke5 Kb2 47.
Rc8 Kb3 48. Kxf5 {Black resigns} 1-0

[Event "Team 45 45 League T33"]
[Site "Internet Chess Club"]
[Date "2007.05.13"]
[Round "4"]
[White "PawnSensei"]
[Black "strudel"]
[Result "1-0"]
[WhiteElo "1452"]
[BlackElo "1345"]
[ECO "B95"]
[TimeControl "2700+45"]

1. e4 c5 2. Nf3 d6 3. d4 cxd4 4. Nxd4 Nf6 5. Nc3 a6 6. Bg5 e6 7. Be2 Be7 8. O-O
Qc7 9. Re1 O-O 10. Kh1 e5 11. Nf5 Re8 12. Nxe7+ Qxe7 13. Nd5 Qd8 14. Bxf6 gxf6
15. Bg4 Be6 16. Re3 Nd7 17. Rg3 Kf8 18. Bxe6 Rxe6 19. Qg4 Ke8 20. Qf5 Nf8 21.
Rg8 Kd7 22. a4 a5 23. Qh5 Kc6 24. Ra3 b6 25. Rc3+ Kb7 26. Qxf7+ Kb8 27. Rxf8 Re8
28. Rxe8 Qxe8 29. Qc7# {Black checkmated} 1-0

[Event "Team 45 45 League T33"]
[Site "Internet Chess Club"]
[Date "2007.05.12"]
[Round "4"]
[White "SeniorCitizen"]
[Black "BosqueVerde"]
[Result "0-1"]
[WhiteElo "1283"]
[BlackElo "1173"]
[ECO "C65"]
[TimeControl "2700+45"]

1. e4 e5 2. Nf3 Nc6 3. Bb5 Nf6 4. d3 Be7 5. Bxc6 bxc6 6. Nxe5 O-O 7. O-O Bb7 8.
Be3 d5 9. exd5 cxd5 10. Qf3 Rb8 11. Qg3 Nh5 12. Qg4 Nf6 13. Qe2 c5 14. d4 Qd6
15. Na3 Ba6 16. c4 dxc4 17. Naxc4 cxd4 18. Rfd1 Qc7 19. Bxd4 Rfe8 20. b3 Bd6 21.
f4 Nd5 22. Qg4 Nf6 23. Qf3 Bb7 24. Qf2 Ne4 25. Qe3 Nc5 26. Nxd6 Qxd6 27. Bxc5
Qh6 28. Qg3 f6 29. Ng4 Qg6 30. Rd6 Rf8 31. Bd4 Qd3 32. Nxf6+ Rxf6 33. Bxf6 g6
34. Qxg6+ Qxg6 {White resigns} 0-1

[Event "Team 45 45 League T33"]
[Site "Internet Chess Club"]
[Date "2007.05.12"]
[Round "4"]
[White "jocooper"]
[Black "ADIOKiddo4Ever"]
[Result "0-1"]
[WhiteElo "1108"]
[BlackElo "1300"]
[ECO "A49"]
[TimeControl "2700+45"]

1. d4 Nf6 2. Nf3 g6 3. g3 Bg7 4. Bg2 d6 5. O-O O-O 6. c4 Bf5 7. Nc3 Qc8 8. e4
Nxe4 9. Nxe4 Bxe4 10. Qe2 f5 11. d5 Qd7 12. Ng5 Bxg2 13. Kxg2 Bh6 14. Ne6 Bxc1
15. Nxf8 Kxf8 16. Raxc1 Na6 17. Qe3 Kg8 18. Qg5 Re8 19. Rfe1 Nc5 20. Rc3 Ne4 21.
Qe3 Nxc3 22. Qxc3 b6 23. b4 c5 24. b5 e6 25. Qe3 Kf7 26. Qh6 Kf6 27. f4 exd5 28.
Rxe8 Qxe8 29. cxd5 Qe2+ 30. Kh3 Qh5+ 31. Qxh5 gxh5 32. Kh4 c4 33. Kxh5 c3 34. g4
c2 35. g5+ Kg7 {White resigns} 0-1

[Event "Team 45 45 League T33"]
[Site "Internet Chess Club"]
[Date "2007.05.10"]
[Round "4"]
[White "furrbrain"]
[Black "supraholic"]
[Result "1-0"]
[WhiteElo "1216"]
[BlackElo "1012"]
[ECO "C44"]
[TimeControl "2700+45"]

1. e4 e5 2. Nf3 Nc6 3. d4 d6 4. Bc4 Bg4 5. h3 Bh5 6. O-O Nxd4 7. Be3 Nxf3+ 8.
gxf3 Qf6 9. Nd2 Qg6+ 10. Kh2 Nf6 11. Rg1 Nxe4 12. Rxg6 hxg6 13. Nxe4 O-O-O 14.
Bxf7 Rd7 15. Be6 Be7 16. Bxd7+ Kxd7 17. Nc5+ Kc8 18. Ne6 Bf6 19. Qd3 e4 20. Qc4
Be5+ 21. Kg1 c6 22. Qxe4 Re8 23. Nxg7 Rh8 24. Nxh5 Rxh5 25. Qxg6 Rxh3 26. Qg4+
{Black resigns} 1-0

[Event "Team 45 45 League T33"]
[Site "Internet Chess Club"]
[Date "2007.05.09"]
[Round "4"]
[White "HKNIGHT"]
[Black "bmw2002"]
[Result "0-1"]
[WhiteElo "1653"]
[BlackElo "1693"]
[ECO "A45"]
[TimeControl "2700+45"]

1. d4 Nf6 2. e3 g6 3. Bd3 Bg7 4. c3 O-O 5. f4 d5 6. Nf3 Nbd7 7. O-O c5 8. Ne5
cxd4 9. exd4 Ne4 10. Nd2 f5 11. Nxe4 fxe4 12. Be2 e6 13. Be3 Qb6 14. Qd2 Bh6 15.
g3 Qd8 16. c4 Nf6 17. c5 Bd7 18. a4 a5 19. b3 Bc6 20. Bb5 Qc7 21. Rac1 Nd7 22.
b4 Nxe5 23. fxe5 Bxe3+ 24. Qxe3 axb4 25. Qb3 Qa5 26. Rb1 Bxb5 27. axb5 Rxf1+ 28.
Rxf1 Qxb5 29. Qb2 Rf8 30. Rxf8+ Kxf8 31. Qf2+ Kg8 32. Qf6 Qe8 33. Qf2 b3 34. g4
Qf7 35. Qh4 e3 36. h3 Qf2+ 37. Qxf2 exf2+ 38. Kxf2 b2 {White resigns} 0-1

[Event "Team 45 45 League T33"]
[Site "Internet Chess Club"]
[Date "2007.05.14"]
[Round "4"]
[White "Sean"]
[Black "kingphisch"]
[Result "1-0"]
[WhiteElo "1649"]
[BlackElo "1527"]
[ECO "A11"]
[TimeControl "2700+45"]

1. Nf3 c6 2. c4 d5 3. cxd5 cxd5 4. g3 Nc6 5. Bg2 e5 6. O-O Nf6 7. d3 Be7 8. b3
Bg4 9. h3 Bxf3 10. Bxf3 O-O 11. Nd2 Rc8 12. Bb2 Re8 13. Rc1 Bf8 14. Bg2 e4 15.
dxe4 Nxe4 16. Nxe4 dxe4 17. Qxd8 Rcxd8 18. Rfd1 f5 19. e3 g6 20. Bf1 Rxd1 21.
Rxd1 Ne5 22. Rd7 Bg7 23. Bxe5 Bxe5 24. Rxb7 a5 25. b4 axb4 26. Rxb4 Rb8 27. Ra4
Rb7 28. Ra6 Ra7 29. Rxa7 {Black resigns} 1-0

[Event "Team 45 45 League T33"]
[Site "Internet Chess Club"]
[Date "2007.05.14"]
[Round "4"]
[White "twintower"]
[Black "allanchs"]
[Result "1-0"]
[WhiteElo "1629"]
[BlackElo "1601"]
[ECO "C90"]
[TimeControl "2700+45"]

1. e4 e5 2. Nf3 Nc6 3. Bb5 a6 4. Ba4 Nf6 5. O-O Be7 6. Re1 b5 7. Bb3 d6 8. c3
Bg4 9. d4 Na5 10. Bc2 c5 11. Nbd2 Qc7 12. b3 Rc8 13. d5 O-O 14. Nf1 c4 15. b4
Nb7 16. Ne3 Bd7 17. Nh4 Nxe4 18. Bxe4 Bxh4 19. Qh5 f5 20. Nxf5 g6 21. Nh6+ Kg7
22. Qxh4 Rce8 23. Ng4 Bxg4 24. Qxg4 Kg8 25. Bh6 Rf6 26. Re3 Qf7 27. Rf3 Nd8 28.
Re1 Rxf3 29. Qxf3 Qxf3 30. Bxf3 Nf7 31. Be3 Kg7 32. Bb6 Ng5 33. Bg4 h6 34. h4
Nf7 35. Be6 g5 36. h5 Nd8 37. Bf5 Kf6 38. g4 Nb7 39. Re3 Re7 40. Rf3 Kg7 41. Bc8
{Black resigns} 1-0

[Event "Team 45 45 League T33"]
[Site "Internet Chess Club"]
[Date "2007.05.13"]
[Round "4"]
[White "scar99"]
[Black "sean98"]
[Result "1-0"]
[WhiteElo "1372"]
[BlackElo "1535"]
[ECO "B23"]
[TimeControl "2700+45"]

1. e4 c5 2. Nc3 Nc6 3. f4 e6 4. Nf3 d6 5. Bb5 a6 6. Bxc6+ bxc6 7. d3 Qc7 8. O-O
Be7 9. e5 d5 10. Na4 Nh6 11. c3 a5 12. c4 d4 13. b3 O-O 14. h3 f6 15. exf6 gxf6
16. Qe1 Rf7 17. g4 Kh8 18. f5 exf5 19. Bxh6 fxg4 20. hxg4 Bd6 21. Qe8+ {Black
resigns} 1-0

[Event "Team 45 45 League T33"]
[Site "Internet Chess Club"]
[Date "2007.05.20"]
[Round "4"]
[White "Luckydawg"]
[Black "b-spot"]
[Result "1-0"]
[WhiteElo "1650"]
[BlackElo "1647"]
[ECO "A36"]
[TimeControl "2700+45"]

1. c4 c5 2. g3 g6 3. Bg2 Bg7 4. Nc3 Nc6 5. a3 Nf6 6. Rb1 Rb8 7. b4 cxb4 8. axb4
O-O 9. Nh3 d6 10. Nf4 Bf5 11. d3 Qd7 12. O-O Ne8 13. b5 Na5 14. Ne4 Nf6 15. Bb2
Bxe4 16. Bxe4 Nxe4 17. Bxg7 Kxg7 18. dxe4 Nxc4 19. Qd4+ Ne5 20. Rfd1 Rfd8 21.
Nd3 f6 22. Nxe5 fxe5 23. Qxa7 Ra8 24. Qb6 Ra4 25. Rdc1 Rc8 26. Rxc8 Qxc8 27. Qe3
Qc2 28. Rc1 Ra1 {Black resigns} 1-0

[Event "Team 45 45 League T33"]
[Site "Internet Chess Club"]
[Date "2007.05.12"]
[Round "4"]
[White "tammany"]
[Black "boffman"]
[Result "1-0"]
[WhiteElo "1667"]
[BlackElo "1457"]
[ECO "C45"]
[TimeControl "2700+45"]

1. e4 e5 2. Nf3 Nc6 3. d4 exd4 4. Nxd4 Nf6 5. Nxc6 bxc6 6. e5 Qe7 7. Qe2 Nd5 8.
c4 Ba6 9. b3 g5 10. g3 Bg7 11. Bb2 d6 12. Bg2 dxe5 13. O-O Qe6 14. Nd2 O-O 15.
cxd5 Bxe2 16. dxe6 Bxf1 17. exf7+ Kxf7 18. Kxf1 Rad8 19. Nc4 Rfe8 20. Bxc6 Re7
21. Re1 Kg6 22. Nxe5+ Bxe5 23. Rxe5 Rxe5 24. Bxe5 Rd1+ 25. Kg2 Rc1 26. Be8+ Kh6
27. h4 Re1 28. hxg5+ Kxg5 29. Bf4+ Kf6 30. Bb5 Re7 31. Be3 a5 32. Bd2 Kg6 33.
Bxa5 Re5 34. Bd3+ Kh6 35. Bxc7 Re1 36. b4 Ra1 37. Bf4+ Kh5 38. b5 Rxa2 39. b6
Rb2 40. Bc7 Rb4 41. Ba6 {Black resigns} 1-0

[Event "Team 45 45 League T33"]
[Site "Internet Chess Club"]
[Date "2007.05.13"]
[Round "4"]
[White "AtomicDog"]
[Black "dougmo"]
[Result "0-1"]
[WhiteElo "1418"]
[BlackElo "1529"]
[ECO "C01"]
[TimeControl "2700+45"]

1. e4 e6 2. d4 d5 3. exd5 exd5 4. Nf3 Bg4 5. Qd3 Nc6 6. c4 dxc4 7. Qxc4 Bxf3 8.
gxf3 Qxd4 9. Qe2+ Qe5 10. Be3 O-O-O 11. Bg2 Bb4+ 12. Kf1 Nf6 13. f4 Qe6 14. Bf3
Nd4 15. Qd1 Nxf3 16. Qxf3 Rd3 17. Rg1 g6 18. Rg5 Rhd8 19. Re5 Qc4 20. Nd2 Rxd2+
21. Kg2 R2d3 22. Qh3+ Kb8 23. Qh4 Qc6+ 24. Kh3 Nh5 25. Rxh5 Qf3+ 26. Qg3 Qxg3+
27. hxg3 gxh5 28. f5 Rd1 29. Rxd1 Rxd1 30. f3 Be7 31. g4 Rd3 32. Bf2 Rxf3+
{White resigns} 0-1